 Dungeon Crawl Stone Soup version 0.28-a0-1567-g1695149f81 (webtiles) character file.

Game seed: 2825155007622739735

4018 southernslant the Cudgeller (level 10, -2/61 HPs)
             Began as a Gargoyle Fighter on Jan 20, 2022.
             Was an Initiate of Sif Muna.
             Slain by a two-headed ogre (18 damage)
             ... on level 7 of the Dungeon.
             The game lasted 00:19:01 (9542 turns).

southernslant the Cudgeller (Gargoyle Fighter)      Turns: 9542, Time: 00:19:07

Health: -2/61      AC: 18    Str: 21    XL:     10   Next: 23%
Magic:  13/13      EV: 11    Int: 10    God:    Sif Muna [......]
Gold:   449        SH:  5    Dex: 11    Spells: 13/13 levels left

rFire   . . .      SeeInvis .   p - +2 flail (protect)
rCold   + . .      Faith    .   c - +0 buckler
rNeg    + . .      Spirit   .   b - +0 scale mail
rPois   ∞          Reflect  .   y - +0 helmet
rElec   +          Harm     .   D - +0 cloak
rCorr   .          Rampage  .   G - +0 pair of gloves
Will    .....                   (no boots)
Stlth   +.........              (no amulet)
HPRegen 0.20/turn               n - ring of protection from cold
MPRegen 0.13/turn               (no ring)

@: no status effects
A: sickness immunity, AC +7, negative energy resistance 1, electricity
resistance, torment resistance 1, petrification resistance
a: Renounce Religion


You were on level 7 of the Dungeon.
You worshipped Sif Muna.
Sif Muna was noncommittal.
You visited 2 branches of the dungeon, and saw 9 of its levels.

You collected 449 gold pieces.

Inventory:

Hand Weapons
 p - a +2 flail of protection (weapon)
 J - a +4 long sword
Missiles
 a - 12 poisoned darts (quivered)
 C - 2 javelins
Armour
 b - a +0 scale mail (worn)
 c - a +0 buckler (worn)
 d - a +2 robe of cold resistance
 y - a +0 helmet (worn)
 D - a +0 cloak (worn)
 G - a +0 pair of gloves (worn)
Jewellery
 n - a ring of protection from cold (left hand)
 r - a ring of protection from fire
Wands
 v - a wand of iceblast (9)
 w - a wand of flame (5)
 E - a wand of digging (3)
 H - a wand of charming (6)
Scrolls
 f - 3 scrolls of torment {unknown}
 g - 8 scrolls of identify {unknown}
 h - 2 scrolls of blinking {unknown}
 j - 2 scrolls of teleportation {unknown}
 m - 2 scrolls of enchant armour {unknown}
 o - 4 scrolls of noise {unknown}
 q - a scroll of magic mapping {unknown}
 s - 5 scrolls of holy word {unknown}
 u - 4 scrolls of immolation {unknown}
 A - a scroll of silence {unknown}
 B - a scroll of summoning {unknown}
 F - a scroll of fog {unknown}
Potions
 e - 2 potions of curing
 i - a potion of brilliance {unknown}
 k - a potion of mutation {unknown}
 l - 2 potions of flight {unknown}
 t - a potion of haste {unknown}
 x - 2 potions of degeneration {unknown}
 z - a potion of attraction {unknown}
 I - a potion of lignification {unknown}


   Skills:
 * Level 6.4 Fighting
 + Level 6.4 Maces & Flails
 * Level 4.4 Throwing
 + Level 6.0 Armour
 * Level 5.5 Dodging
 - Level 2.7 Stealth
 + Level 6.2 Shields
 * Level 2.1 Spellcasting
 * Level 2.6 Invocations
 + Level 2.3 Evocations


You had 13 spell levels left.
You didn't know any spells.
Your spell library contained the following spells:

 Spells                   Type           Power      Damage    Failure   Level
 Beastly Appendage        Tmut           2%         N/A       69%         1
 Ensorcelled Hibernation  Hex/Ice        2%         N/A       83%         2
 Wereblood                Tmut           1%         N/A       83%         2
 Spider Form              Tmut/Pois      1%         N/A       96%         3
 Anguish                  Hex/Necr       0%         N/A       100%        4


Dungeon Overview and Level Annotations

Branches:
Dungeon (8/15)             Temple (1/1) D:6            Lair (0/6) D:8

Altars:
Ashenzari
Cheibriados
Dithmenos
Elyvilon
Fedhas
Gozag
Kikubaaqudgha
Okawaru
Qazlal
Sif Muna
Trog
Uskayaw
Vehumet
Wu Jian
Yredelemnul
Zin
The Shining One

Shops:
D:7 [

Annotations:
D:8 1 transporter


Innate Abilities, Weirdness & Mutations

You are immune to sickness and miasma.
Your stone body is resilient. (AC +7)
You are immune to poison.
You resist negative energy. (rN+)
You are resistant to electric shocks. (rElec)
You are resistant to unholy torment.
You are immune to petrification.


Message History

Press: ? - help, Q - select action, (/) - cycle Shift-Dir - straight line, f - two-headed ogre
Aim: a two-headed ogre, wielding a +0 giant spiked club and a +0 giant club (lightly wounded, charmed, friendly, 76% to hit)
Really fire at your two-headed ogre?
Uppercase [Y]es or [N]o only, please.
Really fire at your two-headed ogre?
Okay, then.
Unknown command.
Throw: 13 darts (poison)
Press: ? - help, Q - select action, (/) - cycle Shift-Dir - straight line, f/p - two-headed ogre
Aim: a two-headed ogre, wielding a +0 giant spiked club and a +0 giant club (lightly wounded, charmed, friendly, 76% to hit)
Really fire at your two-headed ogre?
Uppercase [Y]es or [N]o only, please.
Really fire at your two-headed ogre?
Uppercase [Y]es or [N]o only, please.
Really fire at your two-headed ogre?
Uppercase [Y]es or [N]o only, please.
Really fire at your two-headed ogre?
You throw a poisoned dart.
The poisoned dart closely misses your two-headed ogre.
Throw: 12 darts (poison)
Press: ? - help, Q - select action, (/) - cycle Shift-Dir - straight line, f - you, p - two-headed ogre Really target yourself? [Y]es or [N]o only, please.
Really target yourself? [Y]es or [N]o only, please.
Really target yourself?
Okay, then.
You swap places.
a - 13 poisoned darts (gained 1) Throw: 13 darts (poison)
Press: ? - help, Q - select action, (/) - cycle Shift-Dir - straight line, f - two-headed ogre
Aim: a two-headed ogre, wielding a +0 giant spiked club and a +0 giant club (lightly wounded, charmed, friendly, 76% to hit)
Really fire at your two-headed ogre?
You throw a poisoned dart.
The poisoned dart hits your two-headed ogre.
Your two-headed ogre is poisoned.
The two-headed ogre is no longer charmed.
The two-headed ogre is lightly wounded.
The two-headed ogre hits you with a +0 giant spiked club!!
You die...

..#.##......................>##..
.............................##..
..###.....#.....................#
..# #.....########...#.#####..#..
#####...#.# #........#..........#
..........# #.####...#########.##
..##......# #.####...# #.....
#.##.....## #[##.O...# #.#.##
#........# #.##@#...# #.#...
####.....# #.##.#...# #.#...
####.....####......### #.....
.....##...........## #.....
#######.####.###..# #....)
#.##.#.##...############...
#.#.#....#..##..>......##..
#.##.#..###....#######.####
#.##.....#....## ##.....##


You could see a two-headed ogre (poisoned).

Vanquished Creatures
  3 komodo dragons (D:8)
  A troll (D:6)
  Sigmund (D:2)
  2 wyverns (D:8)
  A basilisk (D:8)
  A water moccasin (D:6)
  A swamp drake (D:8)
  2 black bears (D:5)
  2 sky beasts (D:6)
  3 ogres
  2 phantoms
  2 kobold brigands (D:6)
  3 bullfrogs
  3 scorpions
  A wyvern skeleton (D:7)
  A water moccasin skeleton (D:4)
  A howler monkey (D:8)
  A bullfrog zombie (D:6)
  A centaur skeleton (D:7)
  4 hounds
  A bullfrog skeleton (D:5)
  5 jellies
  Jessica (D:2)
  Natasha (thrice) (D:2)
  6 iguanas
  An orc wizard (D:6)
  4 gnolls (D:3)
  8 adders
  An adder skeleton (D:4)
  3 worms
  2 dart slugs (D:1)
  7 orcs
  3 bats
  6 endoplasms
  A giant cockroach (D:2)
  5 hobgoblins
  4 quokkas
  11 ball pythons
  3 frilled lizards
  6 goblins
  5 kobolds
  7 rats
129 creatures vanquished.

Notes
Turn   | Place    | Note
-------+----------+-------------------------------------------
     0 | D:1      | southernslant the Gargoyle Fighter began the quest for the
                  | Orb.
     0 | D:1      | Reached XP level 1. HP: 14/14 MP: 1/1
   129 | D:1      | Reached XP level 2. HP: 19/19 MP: 2/2
   305 | D:1      | Found a faded altar of an unknown god.
   511 | D:1      | Reached skill level 1 in Dodging
   722 | D:1      | Reached XP level 3. HP: 21/23 MP: 3/3
   876 | D:2      | Noticed Jessica
   883 | D:2      | Killed Jessica
   884 | D:2      | Reached XP level 4. HP: 11/28 MP: 4/4
  1558 | D:2      | Noticed Natasha
  1565 | D:2      | Killed Natasha
  2031 | D:2      | Noticed Natasha
  2045 | D:2      | Killed Natasha
  2046 | D:2      | Reached XP level 5. HP: 7/32 MP: 5/5
  2447 | D:2      | Noticed Natasha
  2459 | D:2      | Killed Natasha
  2665 | D:2      | Noticed Sigmund
  2687 | D:2      | Killed Sigmund
  2688 | D:2      | Reached XP level 6. HP: 29/38 MP: 6/6
  3135 | D:3      | You fall into a shaft and drop 1 floor!
  3188 | D:4      | Reached XP level 7. HP: 44/44 MP: 7/7
  4547 | D:4      | Found a hide-covered altar of Uskayaw.
  4590 | D:4      | Reached skill level 1 in Throwing
  4700 | D:4      | Reached XP level 8. HP: 9/48 MP: 8/8
  4705 | D:4      | Reached skill level 5 in Shields
  4969 | D:5      | Entered Level 5 of the Dungeon
  5186 | D:5      | Reached skill level 5 in Fighting
  5338 | D:5      | Reached skill level 5 in Maces & Flails
  5338 | D:5      | Reached skill level 5 in Armour
  5717 | D:5      | Reached skill level 1 in Stealth
  6139 | D:6      | Found a broken altar of Ashenzari.
  6139 | D:6      | Noticed a troll
  6149 | D:6      | Killed a troll
  6188 | D:5      | Reached XP level 9. HP: 10/54 MP: 9/9
  6445 | D:6      | Reached skill level 1 in Evocations
  6760 | D:6      | Found a staircase to the Ecumenical Temple.
  6798 | Temple   | Entered the Ecumenical Temple
  6934 | Temple   | Became a worshipper of Sif Muna the Loreminder
  7303 | D:6      | Found a broken altar of Ashenzari.
  7418 | D:6      | Reached skill level 5 in Dodging
  7901 | D:7      | Found a bloodstained altar of Trog.
  8312 | D:7      | Found Timex's Antique Armour Shoppe.
  8527 | D:8      | Found a transporter.
  8585 | D:8      | Reached skill level 1 in Invocations
  8695 | D:8      | Reached skill level 1 in Spellcasting
  8724 | D:8      | Noticed a komodo dragon
  8733 | D:8      | Killed a komodo dragon
  8819 | D:8      | Reached XP level 10. HP: 60/60 MP: 12/12
  8850 | D:8      | HP: 1/60 [komodo dragon (10)]
  9438 | D:8      | Found a staircase to the Lair.
  9504 | D:8      | Noticed a two-headed ogre
  9542 | D:7      | Slain by a two-headed ogre

Illustrated notes

Levels and vault maps discovered:
D:1:      dpeg_arrival_simpleton_c, layout_rooms, serial_forest,
          infiniplex_forest_clump_tiny, infiniplex_forest_lined_2,
          infiniplex_forest_side_room, infiniplex_forest_clump_long,
          infiniplex_forest_straight_4, infiniplex_forest_end_1,
          infiniplex_forest_lined_3_way, nicolae_ecumenical_snake_handling,
          feat_on_display
D:2:      minmay_angry_zag, layout_loops_corners, corexii_corridor_pit,
          roderic_lattice_a, uniq_natasha, uniq_jessica, uniq_sigmund
D:3:      layout_loops_cross
D:4:      nicolae_cairo_tiling, layout_gridville,
          nicolae_uskayaw_murder_on_the_dancefloor
D:5:      layout_loops_ring
D:6:      minmay_evil_eye, layout_cave_pods, minmay_temple_entry_antechambers,
          hangedman_feature_mirror, hangedman_decor_clover_reticule
D:7:      layout_loops_cross, mainiacjoe_overflow_surrounded_room, serial_shops,
          nicolae_take_the_stairs
D:8:      gammafunk_wand_slinger, layout_basic, nicolae_overflow_hidden_temple,
          grunt_temple_overflow_champion_of_chaos, erik_lair_dragon
Temple:   regret_index_temple_waves

Skill      XL: |  1  2  3  4  5  6  7  8  9 10 |
---------------+-------------------------------+-----
Dodging        | 1 2 3 4 5 |  5.5
Maces & Flails | 3 4 5 6 |  6.4
Shields        | 4 5 6 |  6.2
Armour         | 4 5 6 |  6.0
Fighting       | 4 5 6 |  6.4
Throwing       | 1 2 4 |  4.4
Stealth        | 1 2 |  2.7
Evocations     | 2 |  2.3
Invocations    | 1 2 |  2.6
Spellcasting   | 1 2 |  2.1

Action                   |  1- 3 |  4- 6 |  7- 9 | 10-12 || total
-------------------------+-------+-------+-------+-------++-------
Melee: Flail             |    73 |   157 |   386 |    28 ||   644
Throw: Dart              |       |       |    22 |     8 ||    30
       Javelin           |       |       |     5 |     9 ||    14
Evoke: Wand              |       |       |     7 |     2 ||     9
  Use: Potion            |       |     1 |     1 |       ||     2
Armor: Scale mail        |    38 |    90 |   210 |     6 ||   344
Dodge: Dodged            |    40 |    70 |   196 |    16 ||   322
Block: Buckler           |    18 |    35 |    89 |    11 ||   153

Table legend: (Time is in decaauts)
 A = Elapsed time spent in this place.
 B = Non-inter-level travel time spent in this place.
 C = Inter-level travel time spent in this place.
 D = Time resting spent in this place.
 E = Time spent auto-exploring this place.
 F = Levels seen in this place.
 G = Mean time per level.
                   A        B        C        D        E       F      G
               +--------+--------+--------+--------+--------+-----+--------+
         Total |   9685 |   9430 |    255 |      0 |   7896 |   9 | 1076.1 |
       Dungeon |   9522 |   9319 |    203 |      0 |   7801 |   8 | 1190.2 |
        Temple |    162 |    110 |     52 |      0 |     95 |   1 |  162.0 |
               +--------+--------+--------+--------+--------+-----+--------+

Top non-repeatable levels by time:
     D:2: 2337 daAuts
     D:6: 1550 daAuts
     D:5: 1197 daAuts
     D:4: 1156 daAuts
     D:8: 1051 daAuts
     D:1: 864 daAuts
     D:3: 705 daAuts
     D:7: 658 daAuts
  Temple: 162 daAuts
